Map: Ruby Rock LE

Players

Lambo

  • Race: Zerg Zerg
  • Spawn Location: 11:00

A.I. 1 (Very Easy) - Winner!

  • Race: Zerg Zerg
  • Spawn Location: 5:00

VOD

Have the link to the VOD?

Description

Time

  • Played on: March 5, 2026, 5:49 a.m.
  • Length: 8:19
Show
View Real Time Build Order
Export as new Build Order

Lambo Zerg 

Build Orders: Pool First 

Get SALT Encoding   

  12  0:00  Drone  
  13  0:09  Drone  
  14  0:14  Extractor, Drone  
  15  0:21  Overlord  
  15  0:37  Spawning Pool  
  15  0:39  Drone  
  15  0:43  Drone  
  15  0:47  Drone  
  17  1:06  Hatchery  
  17  1:08  Drone  
  17  1:23  Zergling x4  
  19  1:26  Zergling x2  
  19  1:29  Queen  
  22  1:37  Overlord  
  22  1:45  Extractor  
  21  1:47  Drone  
  22  1:58  Drone  
  23  2:05  Queen  
  25  2:09  Drone  
  26  2:18  Drone, Queen  
  29  2:23  Drone  
  28  2:30  Drone  
  28  2:33  Drone  
  30  2:38  Drone, Overlord  
  30  2:40  Drone x2  
  30  2:44  Drone  
  34  2:52  Drone  
  35  2:59  Lair  
  35  3:00  Drone  
  35  3:01  Drone  
  37  3:07  Drone  
  37  3:09  Evolution Chamber  
  37  3:12  Drone x3  
  40  3:13  Drone x2  
  40  3:15  Overlord  
  40  3:18  Drone  
  43  3:25  Roach Warren  
  42  3:29  Drone  
  42  3:31  Extractor  
  42  3:32  Drone  
  43  3:34  Extractor  
  43  3:37  Drone  
  43  3:38  Zerg Missile Weapons Level 1  
  43  3:41  Evolution Chamber  
  42  3:42  Drone  
  42  3:43  Drone x2  
  42  3:47  Drone x2  
  47  3:49  Drone  
  47  3:50  Drone  
  49  3:56  Overlord  
  49  3:57  Drone  
  49  4:00  Overseer  
  50  4:06  Overlord  
  50  4:08  Glial Reconstitution  
  50  4:11  Overlord  
  50  4:14  Roach  
  54  4:17  Roach  
  54  4:19  Roach  
  54  4:22  Roach  
  58  4:24  Overlord  
  58  4:28  Roach x2  
  62  4:34  Roach x2  
  62  4:38  Overlord  
  66  4:39  Roach  
  66  4:44  Roach x2  
  72  4:48  Roach  
  72  4:49  Roach  
  76  4:54  Hatchery  
  76  4:56  Roach  
  77  5:00  Roach  
  77  5:02  Roach  
  77  5:03  Roach  
  83  5:07  Overlord  
  83  5:11  Drone x3  
  86  5:14  Drone  
  86  5:19  Drone  
  88  5:23  Drone x3  
  88  5:26  Drone  
  88  5:27  Zerg Ground Armor Level 1, Extractor  
  88  5:28  Drone  
  92  5:38  Zerg Missile Weapons Level 2  
  92  5:39  Overlord  
  92  5:40  Drone x3  
  95  5:48  Overlord  
  95  5:55  Overlord x2  
  95  5:56  Roach  
  97  5:58  Overlord  
  97  6:06  Roach x3  
  105  6:11  Roach x3  
  105  6:15  Roach  
  111  6:20  Overlord, Roach  
  111  6:23  Roach  
  115  6:27  Overlord  
  115  6:28  Roach x3  
  115  6:30  Roach  
  123  6:36  Roach x3  
  129  6:41  Roach x4  
  129  6:43  Roach  
  129  6:45  Roach  
  141  6:48  Ravager x2  
  141  6:50  Roach  
  141  6:53  Overlord  
  145  6:58  Roach x3  
  151  7:02  Roach  
  151  7:05  Overlord, Roach  
  151  7:06  Overlord x2  
  155  7:09  Roach  
  155  7:11  Overlord, Overseer  
  155  7:12  Ravager  
  155  7:13  Roach  
  160  7:18  Roach x2  
  160  7:22  Roach x2  
  168  7:26  Overlord  
  168  7:29  Roach x2  
  172  7:38  Roach x5  
  172  7:41  Roach  
  186  7:44  Roach  
  186  7:46  Roach  
  186  7:49  Roach  
  186  7:50  Roach  
  192  7:53  Roach  
  192  7:56  Roach  
  196  7:58  Roach  
  200  8:17  Hatchery  
Show
View Real Time Build Order
Export as new Build Order

A.I. 1 (Very Easy) Zerg - Winner!

Build Orders: Pool First 

Get SALT Encoding   

  12  0:00  Drone  
  13  0:12  Overlord  
  13  0:16  Drone  
  14  0:35  Spawning Pool  
  14  0:37  Extractor  
  14  0:39  Drone  
  13  0:46  Drone  
  14  0:51  Overlord  
  14  1:23  Zergling x2  
  14  1:24  Queen  
  17  1:32  Roach Warren  
  16  1:35  Drone  
  17  1:40  Extractor  
  17  1:43  Drone  
  17  1:48  Zergling x2  
  18  2:02  Drone  
  19  2:10  Drone  
  19  2:14  Zergling x2  
  21  2:18  Drone  
  18  2:40  Roach  
  18  2:43  Queen  
  22  2:52  Overlord  
  22  3:05  Zergling x2  
  22  3:06  Drone  
  24  3:16  Drone  
  25  3:27  Drone  
  25  3:31  Zergling x2  
  27  3:57  Zergling x2  
  27  5:42  Zergling x2  
  27  7:06  Drone  
  27  7:07  Lair, Overlord  
  28  7:14  Drone  
  28  7:15  Hatchery  
  28  7:20  Zergling x2  
  28  7:21  Drone  
  25  7:28  Drone  
  26  7:54  Zergling x2  
  27  8:00  Drone  
  27  8:04  Overseer  
Tags
 
Matchup
ZvZ
Player
Lambo
Race
Zerg
Spawn Locations
Cross Positions
Add a new tag
Caveats
  • Supply blocks, unpowered buildings, or Contaminate may cause inaccurate times.
  • Supply counts are checked every 10 seconds.